 Dungeon Crawl Stone Soup version 0.26-a0-540-g8a0c9464d7 (webtiles) character file.

Game seed: 8663084087491804855

320 HoaS the Ruffian (level 6, -2/35 HPs)
             Began as a Gargoyle Gladiator on Aug 22, 2020.
             Killed by divine providence
             ... invoked by an orc priest
              (16 damage)
             ... on level 4 of the Dungeon.
             The game lasted 00:08:35 (4020 turns).

HoaS the Ruffian (Gargoyle Gladiator)               Turns: 4020, Time: 00:08:36

Health: -2/35      AC: 13    Str: 19    XL:     6   Next: 46%
Magic:  6/6        EV: 10    Int:  9    God:
Gold:   180        SH:  0    Dex: 11    Spells: 5/5 levels left

rFire    . . .     SeeInvis .     - Unarmed
rCold    . . .     Faith    .   (no shield)
rNeg     + + .     Spirit   .   q - +0 scale mail
rPois    ∞         Reflect  .   b - +1 helmet
rElec    +         Harm     .   g - +0 cloak
rCorr    .                      (no gloves)
MR       .....                  (no boots)
Stlth    +.........             (no amulet)
HPRegen  0.11/turn              e - ring of stealth
MPRegen  0.10/turn              m - ring of positive energy

@: no status effects
A: negative energy resistance 1, electricity resistance, unbreathing,
petrification resistance, rot immunity, AC +4
a: no special abilities


You were on level 4 of the Dungeon.
You visited 1 branch of the dungeon, and saw 4 of its levels.
You also visited: Ossuary.

You collected 180 gold pieces.

Inventory:

Missiles
 c - 4 throwing nets (quivered)
 p - 17 poisoned darts
 s - 2 javelins
Armour
 b - a +1 helmet (worn)
 g - a +0 cloak (worn)
 q - a +0 scale mail (worn)
Jewellery
 e - a ring of stealth (left hand)
 k - an uncursed ring of stealth
 m - a ring of positive energy (right hand)
 n - an uncursed ring of fire
Wands
 u - a wand of iceblast (8)
Scrolls
 d - 10 scrolls of remove curse
 f - 2 scrolls of identify
 j - a scroll of magic mapping
 l - 7 scrolls of teleportation
Potions
 a - 2 potions of cancellation {unknown}
 h - 3 potions of lignification
 i - 3 potions of curing
 o - a potion of mutation {unknown}
 r - a potion of stabbing {unknown}
 t - 2 potions of haste {unknown}
 v - a potion of ambrosia {unknown}


   Skills:
 - Level 2.1 Fighting
 - Level 1.7 Throwing
 - Level 2.4 Dodging
 + Level 7.1 Unarmed Combat


You had 5 spell levels left.
You didn't know any spells.
Your spell library contained the following spells:

 Spells                   Type           Power        Failure   Level
 Beastly Appendage        Tmut           #.....       78%         1
 Wereblood                Tmut           #.......     89%         2
 Spider Form              Tmut/Pois      #.........   98%         3
 Ice Form                 Ice/Tmut       #.......     100%        4
 Blade Hands              Tmut           #.........   100%        5


Dungeon Overview and Level Annotations

Branches:
Dungeon (4/15)            Ossuary (visited)
 Temple: D:4-7

Altars:
Ashenzari
Sif Muna


Innate Abilities, Weirdness & Mutations

You are resistant to torment.
Your stone body is resilient. (AC +4)
You are immune to poison.
You resist negative energy. (rN+)
You are resistant to electric shocks. (rElec)
You can survive without breathing.
You are immune to petrification.
You are immune to rotting.


Message History

You punch the orc wizard!
The orc wizard is severely wounded.
You hit the orc priest.
The orc priest is lightly wounded.
The orc priest calls down the wrath of Beogh upon you.
Pain shoots through your body! The orc wizard completely misses you.
You hit the orc priest.
The orc priest is heavily wounded.
The orc priest closely misses you. The orc wizard casts a spell at you.
You resist with some effort.
You closely miss the orc priest.
The orc priest is heavily wounded.
The orc priest closely misses you.
The orc wizard hits you but does no damage.
You hit the orc priest but do no damage.
The orc priest is heavily wounded.
The orc priest mumbles some strange prayers to Beogh against you.
Beogh smites you!
You die...

####..# ..... ...##
#..(.##
###..###...# #....#
##........#.#
#....#####
#........o..#
#........#
#..######...#
#........#####..#
#...#
#...............#
#o..#
................##
#...#
..#.......#####.@##
#...# ..#.....†.#
#.oo####).##
..#.......#
#..o......#
.....####..#
#........## .....#
#... #...######
###..# #........##
#... #......#.#
........# .#####


You could see an orc priest, an orc wizard and an orc.

Vanquished Creatures
  2 centaur zombies (Ossuary)
  A worker ant (D:4)
  3 big kobold zombies (Ossuary)
  6 mummies
  Robin (D:1)
  An adder (D:3)
  A worm (D:1)
  2 dart slugs (D:1)
  2 leopard geckos
  8 orcs
  2 giant cockroaches
  8 goblins
  7 hobgoblins
  3 jackals (D:3)
  4 kobolds
  A ball python (D:3)
  6 bats
  9 frilled lizards
  7 hobgoblin zombies
  A kobold zombie (D:4)
  5 rats
80 creatures vanquished.

Notes
Turn   | Place    | Note
-------+----------+-------------------------------------------
     0 | D:1      | HoaS the Gargoyle Gladiator began the quest for the Orb.
     0 | D:1      | Reached XP level 1. HP: 12/12 MP: 1/1
   147 | D:1      | Reached XP level 2. HP: 15/17 MP: 2/2
   956 | D:2      | Reached skill level 4 in Unarmed Combat
  1071 | D:2      | Noticed Robin
  1096 | D:1      | Reached XP level 3. HP: 2/21 MP: 3/3
  1851 | D:1      | Killed Robin
  2339 | D:3      | Found a shattered altar of Ashenzari.
  2372 | D:3      | Reached XP level 4. HP: 25/26 MP: 4/4
  2804 | D:3      | Reached skill level 5 in Unarmed Combat
  2999 | D:3      | Found a faded altar of an unknown god.
  3064 | D:4      | Found a sand-covered staircase.
  3076 | Ossuary  | Entered an ossuary
  3092 | Ossuary  | Reached XP level 5. HP: 20/30 MP: 5/5
  3117 | Ossuary  | Reached skill level 6 in Unarmed Combat
  3574 | Ossuary  | Reached XP level 6. HP: 32/35 MP: 6/6
  3951 | D:4      | Found a shimmering blue altar of Sif Muna.
  3974 | D:4      | Reached skill level 7 in Unarmed Combat
  4020 | D:4      | Killed from afar by an orc priest

Illustrated notes

Levels and vault maps discovered:
D:1:      lemuel_arrival_rhombus, layout_basic
D:2:      layout_loops_ring, uniq_robin
D:3:      layout_loops_ring, chequers_ecumenical_altar_lobes, ashenzari_altar_1
D:4:      layout_basic, nicolae_ossuary_entry_giza,
          minmay_misc_feat_four_crosses, hangedman_decor_growths, led_sif_pool,
          uniq_ijyb

Skill      XL: |  1  2  3  4  5  6 |
---------------+-------------------+-----
Unarmed Combat | 4 5 6 7 |  7.1
Fighting       | |  2.1
Throwing       | |  1.7
Dodging        | |  2.4

Action                   |  1- 3 |  4- 6 || total
-------------------------+-------+-------++-------
Melee: Unarmed           |   128 |   205 ||   333
       Punch             |     2 |     2 ||     4
  Use: Scroll            |     7 |     6 ||    13
 Stab: Sleeping          |     3 |     5 ||     8
Armor: Leather armour    |     5 |       ||     5
       Ring mail         |    75 |    11 ||    86
       Scale mail        |       |    67 ||    67
Dodge: Dodged            |    93 |   112 ||   205

Table legend: (Time is in decaauts)
 A = Elapsed time spent in this place.
 B = Non-inter-level travel time spent in this place.
 C = Inter-level travel time spent in this place.
 D = Time resting spent in this place.
 E = Time spent auto-exploring this place.
 F = Levels seen in this place.
 G = Mean time per level.
                   A        B        C        D        E       F      G
               +--------+--------+--------+--------+--------+-----+--------+
         Total |   3989 |   3894 |     95 |   1344 |   1777 |   5 |  797.8 |
       Dungeon |   3154 |   3059 |     95 |    791 |   1712 |   4 |  788.5 |
       Ossuary |    835 |    835 |      0 |    553 |     65 |   1 |  835.0 |
               +--------+--------+--------+--------+--------+-----+--------+

Top non-repeatable levels by time:
     D:1: 1640 daAuts
 Ossuary: 835 daAuts
     D:3: 729 daAuts
     D:2: 648 daAuts
     D:4: 135 daAuts
